General information
			
			
        
        - name: BNet
 
        - type: Ladder team game (AT/RT)
 
        - host: Battle.net
 
        - saver: AsianPresident
 
        
map: DragonFalls 
        - players: 8
 
        - length: 24:38
 
        - speed: Fast
 - version: 1.22 W3XP
 - replay type:  Public
 
» download(137 KB)
Players
        team 1 (winner) 
              
              
» 
AsianPresident (
purple | 112 APM | 2759 actions | 24:38)
              
 10 Shadow Hunter 
 3 Hex
 3 Serpent Ward
 1 Big Bad Voodoo
 3 Healing Wave
 
                » actions 
                
                | Assign group hotkey | 26 |  | 
| Basic commands | 194 |  | 
| Build / train | 86 |  | 
| Enter build submenu | 21 |  | 
| Enter hero's abilities submenu | 11 |  | 
| Give item / drop item | 1 |  | 
| Right click | 1222 |  | 
| Select / deselect | 620 |  | 
| Select group hotkey | 436 |  | 
| Use ability | 142 |  | 
                2759 total
 » units 
                
                | Peon | 17 |  | 
| Grunt | 6 |  | 
| Wind Rider | 7 |  | 
| Troll Batrider | 10 |  | 
| Green Dragon | 1 |  | 
                41 total
 » upgrades
                » buildings
                
                | Altar of Storms | 1 |  | 
| Orc Burrow | 4 |  | 
| Barracks | 1 |  | 
| Voodoo Lounge | 2 |  | 
| War Mill | 1 |  | 
| Stronghold | 1 |  | 
| Beastiary | 4 |  | 
| Great Hall | 2 |  | 
| Fortress | 2 |  | 
| Watch Tower | 4 |  | 
                22 total
 » build order
                00:04 Altar of Storms
00:09 Orc Burrow
00:46 Barracks
01:39 Orc Burrow
02:00 Voodoo Lounge
02:58 War Mill
04:31 Stronghold
05:09 Orc Burrow
05:53 Orc Burrow
08:12 Beastiary
08:14 Beastiary
08:22 Beastiary
08:24 Beastiary
08:36 Great Hall
12:40 Great Hall
16:16 Fortress
16:57 Fortress
17:00 Watch Tower
17:01 Watch Tower
17:02 Watch Tower
17:05 Watch Tower
19:46 Voodoo Lounge
» items
                
                | Healing Salve | 6 |  | 
| Lesser Clarity Potion | 10 |  | 
| Scroll of Town Portal | 5 |  | 
| Potion of Healing | 5 |  | 
| Potion of Mana | 3 |  | 
| Scroll of Healing | 1 |  | 
                30 total
  
               
              
              
HollyHandgrnade (
blue | 28 APM | 679 actions | 24:38)
              
 6 Paladin 
 1 Holy Light
 3 Divine Shield
 1 Devotion Aura
 1 Resurrection
 1 Blademaster 
 1 Mirror Image
 
                » actions 
                
                | Assign group hotkey | 7 |  | 
| Build / train | 76 |  | 
| Enter build submenu | 30 |  | 
| Enter hero's abilities submenu | 7 |  | 
| Right click | 221 |  | 
| Select / deselect | 288 |  | 
| Select group hotkey | 1 |  | 
| Use ability | 49 |  | 
                679 total
 » units 
                
                | Peasant | 14 |  | 
| Footman | 11 |  | 
| Siege Engine | 7 |  | 
| Knight | 9 |  | 
| Goblin Shredder | 1 |  | 
| Wind Rider | 10 |  | 
                52 total
 » upgrades
                
                | Defend | 1 |  | 
| Swords | 3 |  | 
| Plating | 2 |  | 
| Lumber Harvesting | 1 |  | 
| Barrage | 1 |  | 
| Gunpowder | 3 |  | 
| Animal War Training | 1 |  | 
| Armor | 1 |  | 
                13 total
 » buildings
                
                | Lumber Mill | 1 |  | 
| Barracks | 2 |  | 
| Altar of Kings | 1 |  | 
| Farm | 13 |  | 
| Blacksmith | 1 |  | 
| Town Hall | 2 |  | 
| Keep | 1 |  | 
| War Mill | 1 |  | 
| Orc Burrow | 1 |  | 
| Workshop | 2 |  | 
| Castle | 1 |  | 
| Scout Tower | 5 |  | 
                31 total
 » build order
                00:25 Lumber Mill
00:41 Barracks
00:55 Altar of Kings
01:15 Farm
01:46 Farm
02:13 Barracks
02:33 Farm
02:50 Blacksmith
03:17 Farm
03:35 Farm
04:32 Farm
06:07 Town Hall
06:26 Keep
08:09 War Mill
08:15 Orc Burrow
08:30 Farm
08:55 Workshop
09:03 Workshop
09:09 Castle
11:33 Farm
12:42 Farm
15:05 Farm
15:11 Farm
15:14 Farm
20:07 Town Hall
20:37 Farm
21:57 Scout Tower
21:59 Scout Tower
22:01 Scout Tower
22:04 Scout Tower
22:07 Scout Tower
» items
                 
               
              
              
viva-la-bam (
green | 25 APM | 133 actions | 05:20)
              
 1 Blademaster 
 1 Wind Walk
 
                » actions 
                
                | Build / train | 11 |  | 
| Enter build submenu | 9 |  | 
| Enter hero's abilities submenu | 1 |  | 
| Right click | 67 |  | 
| Select / deselect | 35 |  | 
| Use ability | 10 |  | 
                133 total
 » units 
                » buildings
                
                | Altar of Storms | 1 |  | 
| Orc Burrow | 3 |  | 
| Barracks | 1 |  | 
| Voodoo Lounge | 2 |  | 
| War Mill | 1 |  | 
                8 total
 » build order
                00:04 Altar of Storms
00:06 Orc Burrow
00:09 Barracks
01:55 Orc Burrow
03:32 Voodoo Lounge
03:38 Voodoo Lounge
03:45 War Mill
05:04 Orc Burrow
 
               
              
              
» 
dxpham (
yellow | 37 APM | 912 actions | 24:38)
              
 8 Mountain King 
 3 Storm Bolt
 3 Bash
 1 Avatar
 1 Thunder Clap
 
                » actions 
                
                | Assign group hotkey | 21 |  | 
| Basic commands | 45 |  | 
| Build / train | 90 |  | 
| Enter build submenu | 16 |  | 
| Enter hero's abilities submenu | 8 |  | 
| Right click | 222 |  | 
| Select / deselect | 299 |  | 
| Select group hotkey | 135 |  | 
| Use ability | 76 |  | 
                912 total
 » units 
                
                | Peasant | 12 |  | 
| Footman | 5 |  | 
| Rifleman | 6 |  | 
| Gryphon Rider | 15 |  | 
| Knight | 9 |  | 
                47 total
 » upgrades
                
                | Lumber Harvesting | 2 |  | 
| Swords | 2 |  | 
| Long Rifles | 1 |  | 
| Storm Hammers | 1 |  | 
| Masonry | 2 |  | 
| Animal War Training | 1 |  | 
| Plating | 1 |  | 
| Armor | 2 |  | 
                12 total
 » buildings
                
                | Altar of Kings | 1 |  | 
| Barracks | 1 |  | 
| Farm | 20 |  | 
| Blacksmith | 1 |  | 
| Lumber Mill | 2 |  | 
| Town Hall | 1 |  | 
| Stronghold | 1 |  | 
| Keep | 1 |  | 
| Arcane Vault | 1 |  | 
| Castle | 1 |  | 
| Gryphon Aviary | 3 |  | 
| Scout Tower | 6 |  | 
| Guard Tower | 6 |  | 
                45 total
 » build order
                00:14 Altar of Kings
00:20 Barracks
00:23 Farm
00:24 Farm
00:26 Farm
00:27 Farm
00:27 Farm
00:28 Farm
00:30 Farm
00:32 Farm
00:36 Farm
02:14 Blacksmith
02:23 Farm
02:24 Farm
02:25 Farm
02:26 Farm
02:29 Farm
03:31 Lumber Mill
03:37 Farm
03:38 Farm
03:39 Farm
05:25 Town Hall
05:34 Stronghold
06:01 Keep
06:33 Lumber Mill
07:49 Arcane Vault
08:23 Castle
08:27 Gryphon Aviary
08:28 Gryphon Aviary
08:29 Gryphon Aviary
14:57 Farm
14:58 Farm
14:58 Farm
18:09 Scout Tower
18:09 Scout Tower
18:10 Scout Tower
18:11 Scout Tower
18:12 Scout Tower
18:13 Scout Tower
18:34 Guard Tower
18:46 Guard Tower
19:18 Guard Tower
19:51 Guard Tower
20:24 Guard Tower
20:47 Guard Tower
» items
                
                | Potion of Healing | 3 |  | 
| Scroll of Town Portal | 4 |  | 
| Healing Salve | 1 |  | 
| Orb of Fire | 1 |  | 
| Lesser Clarity Potion | 1 |  | 
| Scroll of Regeneration | 1 |  | 
| Scroll of Healing | 1 |  | 
| Scroll of Protection | 1 |  | 
                13 total
  
               team 2 (loser) 
              
              
Critical_strike (
orange | 29 APM | 722 actions | 24:37)
              
 5 Blademaster 
 1 Wind Walk
 3 Critical Strike
 1 Mirror Image
 1 Dark Ranger 
 1 Life Drain
 
                » actions 
                
                | Build / train | 45 |  | 
| Enter build submenu | 21 |  | 
| Enter hero's abilities submenu | 6 |  | 
| Give item / drop item | 3 |  | 
| Remove unit from queue | 7 |  | 
| Right click | 358 |  | 
| Select / deselect | 223 |  | 
| Use ability | 59 |  | 
                722 total
 » units 
                
                | Peon | 8 |  | 
| Wind Rider | 9 |  | 
| Troll Batrider | 1 |  | 
                18 total
 » upgrades
                
                | Ranged Weapons | 3 |  | 
| Armor | 2 |  | 
| Envenomed Spears | 1 |  | 
| Liquid Fire | 1 |  | 
                7 total
 » buildings
                
                | Altar of Storms | 1 |  | 
| Orc Burrow | 8 |  | 
| Stronghold | 1 |  | 
| War Mill | 1 |  | 
| Voodoo Lounge | 1 |  | 
| Beastiary | 4 |  | 
| Fortress | 1 |  | 
| Watch Tower | 1 |  | 
                18 total
 » build order
                00:05 Altar of Storms
00:08 Orc Burrow
00:13 Orc Burrow
01:50 Stronghold
01:56 War Mill
02:21 Orc Burrow
02:33 Voodoo Lounge
04:15 Beastiary
04:38 Beastiary
04:45 Beastiary
05:02 Orc Burrow
05:32 Orc Burrow
07:09 Orc Burrow
08:14 Fortress
11:23 Watch Tower
18:21 Orc Burrow
19:52 Orc Burrow
19:55 Beastiary
» items
                
                | Healing Salve | 1 |  | 
| Orb of Lightning | 1 |  | 
| Potion of Healing | 1 |  | 
                3 total
  
               
              
              
» 
I_Need_A_Beer (
pink | 33 APM | 760 actions | 23:05)
              
 4 Shadow Hunter 
 2 Serpent Ward
 2 Healing Wave
 3 Far Seer 
 1 Chain Lighting
 2 Feral Spirit
 
                » actions 
                
                | Assign group hotkey | 17 |  | 
| Build / train | 93 |  | 
| Enter build submenu | 14 |  | 
| Enter hero's abilities submenu | 7 |  | 
| Remove unit from queue | 9 |  | 
| Right click | 200 |  | 
| Select / deselect | 176 |  | 
| Select group hotkey | 182 |  | 
| Use ability | 62 |  | 
                760 total
 » units 
                
                | Peon | 13 |  | 
| Troll Headhunter/Berserker | 33 |  | 
| Troll Batrider | 6 |  | 
| Wind Rider | 7 |  | 
                59 total
 » upgrades
                
                | Ranged Weapons | 3 |  | 
| Armor | 3 |  | 
| Berserker Upgrade | 1 |  | 
| Liquid Fire | 1 |  | 
| Envenomed Spears | 1 |  | 
                9 total
 » buildings
                
                | Altar of Storms | 1 |  | 
| Orc Burrow | 8 |  | 
| War Mill | 1 |  | 
| Barracks | 1 |  | 
| Stronghold | 1 |  | 
| Fortress | 1 |  | 
| Great Hall | 1 |  | 
| Beastiary | 1 |  | 
| Voodoo Lounge | 1 |  | 
                16 total
 » build order
                00:23 Altar of Storms
00:34 Orc Burrow
01:45 War Mill
02:03 Barracks
02:38 Orc Burrow
03:02 Stronghold
03:36 Orc Burrow
04:46 Orc Burrow
05:38 Fortress
07:04 Great Hall
09:02 Beastiary
09:50 Voodoo Lounge
10:47 Orc Burrow
11:19 Orc Burrow
12:56 Orc Burrow
13:56 Orc Burrow
» items
                
                | Scroll of Town Portal | 4 |  | 
| Orb of Lightning | 1 |  | 
                5 total
  
               
              
              
egyptanpharo (
red | 24 APM | 597 actions | 24:31)
              
 4 Blood Mage 
 2 Flame Strike
 2 Banish
 
                » actions 
                
                | Assign group hotkey | 5 |  | 
| Build / train | 60 |  | 
| Enter build submenu | 20 |  | 
| Enter hero's abilities submenu | 4 |  | 
| Remove unit from queue | 1 |  | 
| Right click | 237 |  | 
| Select / deselect | 192 |  | 
| Select group hotkey | 51 |  | 
| Use ability | 27 |  | 
                597 total
 » units 
                
                | Peasant | 14 |  | 
| Footman | 19 |  | 
| Knight | 13 |  | 
                46 total
 » upgrades
                » buildings
                
                | Barracks | 3 |  | 
| Altar of Kings | 1 |  | 
| Farm | 12 |  | 
| Keep | 1 |  | 
| Lumber Mill | 1 |  | 
| Blacksmith | 1 |  | 
| Town Hall | 1 |  | 
| Castle | 1 |  | 
                21 total
 » build order
                00:08 Barracks
00:17 Barracks
00:22 Altar of Kings
00:35 Farm
01:40 Farm
02:33 Farm
03:52 Farm
04:39 Keep
04:43 Farm
05:23 Farm
06:10 Lumber Mill
06:17 Blacksmith
06:53 Town Hall
07:22 Farm
07:36 Farm
08:36 Farm
08:48 Castle
12:18 Farm
13:46 Farm
13:52 Barracks
15:08 Farm
 
               
              
              
1920-d (
teal | 28 APM | 684 actions | 24:24)
              
 5 Warden 
 3 Fan of Knives
 1 Blink
 1 Shadow Strike
 1 Shadow Hunter 
 1 Healing Wave
 
                » actions 
                
                | Basic commands | 27 |  | 
| Build / train | 88 |  | 
| Enter build submenu | 30 |  | 
| Enter hero's abilities submenu | 6 |  | 
| Right click | 171 |  | 
| Select / deselect | 301 |  | 
| Use ability | 61 |  | 
                684 total
 » units 
                
                | Wisp | 39 |  | 
| Huntress | 13 |  | 
| Archer | 2 |  | 
| Hippogryph | 11 |  | 
| Druid of the Talon | 3 |  | 
| Dryad | 6 |  | 
                74 total
 » upgrades
                
                | Strength of the Moon | 1 |  | 
| Moon Armor | 1 |  | 
| Strength of the Wild | 1 |  | 
| Druid of the Talon Training | 1 |  | 
| Reinforced Hides | 1 |  | 
                5 total
 » buildings
                
                | Moon Well | 5 |  | 
| Altar of Elders | 1 |  | 
| Hunter's Hall | 1 |  | 
| Ancient of War | 1 |  | 
| Ancient Protector | 12 |  | 
| Tree of Ages | 1 |  | 
| Ancient of Wind | 3 |  | 
| Ancient of Lore | 1 |  | 
| Tree of Life | 2 |  | 
| Tree of Eternity | 1 |  | 
                28 total
 » build order
                00:09 Moon Well
00:18 Altar of Elders
01:11 Hunter's Hall
01:44 Ancient of War
02:18 Ancient Protector
02:49 Moon Well
03:45 Ancient Protector
03:50 Ancient Protector
04:12 Ancient Protector
05:30 Moon Well
06:12 Tree of Ages
07:47 Ancient Protector
08:38 Ancient of Wind
08:57 Ancient Protector
09:06 Ancient Protector
11:40 Ancient of Lore
11:58 Tree of Life
12:41 Tree of Eternity
13:03 Ancient Protector
14:00 Ancient Protector
16:07 Ancient of Wind
16:12 Ancient Protector
16:17 Ancient Protector
19:04 Ancient of Wind
19:43 Moon Well
20:01 Moon Well
20:25 Ancient Protector
22:27 Tree of Life
 
                Chat log
          (00:26 / Allies) viva-la-bam: rush?
(00:33 / Allies) AsianPresident: sure
(02:47 / Allies) dxpham: whos ready
(02:56 / Allies) dxpham: rush here
(03:07 / Allies) AsianPresident: he has tower
(03:10 / Allies) AsianPresident: going up kill it
(04:09 / Allies) AsianPresident: then hit
(04:52 / Allies) AsianPresident: meet
(04:54 / Allies) viva-la-bam: meet
(17:49 / Allies) AsianPresident: tower ur mka
(18:02 / Allies) AsianPresident: tower ur main
(23:16 / Allies) dxpham: sorry